[Event "2026 European Womens Championship"]
[Site "Batumi, GE"]
[Date "2026.05.29"]
[Round "5"]
[White "Brunello, Marina"]
[Black "Jimenez Fernandez, Rebeca"]
[Result "1/2-1/2"]
[Board "88"]
[TimeControl "5400+30"]
[WhiteFideId "822590"]
[BlackFideId "32070934"]
[WhiteElo "2346"]
[BlackElo "2166"]
[WhiteTitle "IM"]
[BlackTitle "WFM"]
[WhiteClock "0:23:11"]
[BlackClock "0:06:14"]
[Variant "Standard"]

1. e4 c6 2. d4 d5 3. e5 Bf5 4. Nf3 e6 5. Be2 Nd7 6. Nbd2 h6 7. Nf1 Ne7 8. Ng3 Bh7 9. Nh5 Qc7 10. O-O O-O-O 11. c4 dxc4 12. Bd2 Be4 13. Bxc4 Nf5 14. Re1 Bxf3 15. Qxf3 Nb6 16. Ba5 Rxd4 17. Re4 Qd7 18. Bxb6 axb6 19. Ng3 Nxg3 20. hxg3 Bc5 21. a4 Rxe4 22. Qxe4 Qd4 23. Qe2 Rd8 24. Re1 Qd2 25. Qxd2 Rxd2 26. Re2 Rxe2 27. Bxe2 Bd4 28. b3 Bxe5 29. Kf1 Kd7 30. Ke1 Bd4 31. g4 Kd6 32. f3 Ke5 33. Bd3 g6 34. Ke2 Bc5 35. Bc4 Kd4 36. Kd2 Bb4+ 37. Ke2 Bd6 38. Kd2 Bf4+ 39. Ke2 Kc3 40. Kd1 Kb2 41. Ke2 Kc2 42. Ke1 h5 43. gxh5 gxh5 44. Ke2 h4 45. Ke1 Kc3 46. Ke2 Kb4 47. Kd1 Kc3 48. Ke2 Kd4 49. Bd3 Bc1 50. Bc4 Ke5 51. Bd3 Kf4 52. Bh7 Kg3 53. Kf1 f5 54. Bg8 e5 55. Bh7 f4 56. Be4 Be3 57. Bf5 Bd4 58. Be4 Bc5 59. Bf5 Bd4 60. Be4 h3 61. gxh3 Kxh3 62. Bf5+ Kg3 63. Ke2 Kg2 1/2-1/2

[Event "2026 European Womens Championship"]
[Site "Batumi, GE"]
[Date "2026.05.29"]
[Round "5"]
[White "Khachatryan, Anna"]
[Black "Nomin-Erdene, Davaademberel"]
[Result "1/2-1/2"]
[Board "89"]
[TimeControl "5400+30"]
[WhiteFideId "13310780"]
[BlackFideId "4900782"]
[WhiteElo "2154"]
[BlackElo "2328"]
[WhiteTitle "WFM"]
[BlackTitle "IM"]
[WhiteClock "0:11:38"]
[BlackClock "0:01:02"]
[Variant "Standard"]

1. d4 d5 2. c4 e6 3. Nc3 c6 4. e4 dxe4 5. Nxe4 Bb4+ 6. Bd2 Qxd4 7. Bxb4 Qxe4+ 8. Be2 Na6 9. Bd6 Qxg2 10. Qd2 Qe4 11. O-O-O e5 12. Bxe5 Bf5 13. Bd3 Qxd3 14. Qxd3 Bxd3 15. Bxg7 Nb4 16. Re1+ Ne7 17. Bxh8 Bg6 18. Kd2 O-O-O+ 19. Kc3 c5 20. b3 Nxa2+ 21. Kb2 Rd2+ 22. Ka3 Nb4 23. Re2 Rd6 24. Rxe7 Ra6+ 25. Kb2 Ra2+ 26. Kc1 Nd3+ 27. Kb1 Nb4+ 28. Kc1 Nd3+ 29. Kb1 Rd2 30. Nf3 Ne1+ 31. Ka1 Nxf3 32. h4 h5 33. Bc3 Rc2 34. Re3 Nd4 35. Bxd4 cxd4 36. Rg3 Rxf2 37. Rd1 d3 38. Rxg6 fxg6 39. Rxd3 Rg2 40. Rd6 Kc7 41. Rf6 Kd7 42. c5 a5 43. Rb6 Kc7 44. Kb1 Rg4 45. Rf6 g5 46. Rf5 Rxh4 47. Rxg5 Kc6 48. Kb2 Rh1 49. Rf5 h4 50. Rh5 h3 51. Ka2 Kb5 52. Rh7 Kc6 53. Rh5 h2 54. Kb2 Kb5 55. Ka2 Kc6 56. Kb2 Kd7 57. Rh6 Ke7 58. Ka2 Kf7 59. Kb2 Kg7 60. Rh3 Kg6 61. Rh8 Kf5 62. Ka2 Ke4 63. Kb2 Kd5 64. Rh5+ Kd4 65. Ka2 Ke3 66. Rh3+ Kd4 67. Rh5 Kc3 68. Rh3+ Kc2 69. Rh4 Kd3 70. Rh3+ Ke2 71. Rh8 Kf2 72. Kb2 Kg2 73. Rg8 Kf3 74. Rh8 Kg3 75. Rg8+ Kf4 76. Rh8 Ke4 77. Rh7 Kd5 78. Rh5+ Kc6 79. Ka2 Rd1 80. Rxh2 Kxc5 81. Kb2 Rd5 82. Rc2+ Kb5 83. Rh2 Rg5 84. Rh7 Kc6 85. Rh2 Rb5 86. Ka3 Rd5 87. Rc2+ Rc5 88. Rh2 b5 89. Rh6+ Kd5 90. Ra6 a4 91. bxa4 bxa4 92. Rxa4 Ke5 1/2-1/2

[Event "2026 European Womens Championship"]
[Site "Batumi, GE"]
[Date "2026.05.29"]
[Round "5"]
[White "Mgeladze, Kesaria"]
[Black "Gvetadze, Sofio"]
[Result "1-0"]
[Board "90"]
[TimeControl "5400+30"]
[WhiteFideId "13621130"]
[BlackFideId "13601440"]
[WhiteElo "2147"]
[BlackElo "2311"]
[WhiteTitle "WIM"]
[BlackTitle "IM"]
[WhiteClock "0:24:15"]
[BlackClock "0:37:18"]
[Variant "Standard"]

1. e4 d6 2. d4 Nf6 3. Nc3 Nbd7 4. Nf3 e5 5. Bc4 Be7 6. h3 O-O 7. O-O c6 8. a4 h6 9. dxe5 dxe5 10. Qe2 Qc7 11. Nh4 Bc5 12. Be3 Bxe3 13. fxe3 Nb6 14. Bb3 Nbd7 15. Nf5 Kh7 16. Qf3 Ng8 17. Qg3 g6 18. Nh4 Ndf6 19. Rf3 Qe7 20. Raf1 Be6 21. Qf2 Bxb3 22. cxb3 Kg7 23. Rg3 Qe6 24. Qf5 Ne7 25. Qf3 Nfg8 26. Nf5+ Kh7 27. Nxe7 Qxe7 28. Qe2 Qe6 29. Qc2 Rad8 30. Rgf3 a5 31. Nb1 Rd7 32. Na3 f6 33. Nc4 Rfd8 34. Nxa5 Rd2 35. Qc3 Qd7 36. Nc4 Rd3 37. Qb4 Kh8 38. a5 c5 39. Qb6 Ra8 40. Qxc5 Ra6 41. Qf8 Qg7 42. Qe8 Rxb3 43. Nxe5 Rxb2 44. Nxg6+ Kh7 45. Rg3 Qc7 46. Nf4 Qc4 47. Qg6+ 1-0

[Event "2026 European Womens Championship"]
[Site "Batumi, GE"]
[Date "2026.05.29"]
[Round "5"]
[White "Matnadze Bujiashvili, Ann"]
[Black "Vidic, Teja"]
[Result "1-0"]
[Board "91"]
[TimeControl "5400+30"]
[WhiteFideId "13601377"]
[BlackFideId "14605511"]
[WhiteElo "2310"]
[BlackElo "2123"]
[WhiteTitle "IM"]
[BlackTitle "WIM"]
[WhiteClock "0:13:20"]
[BlackClock "0:41:12"]
[Variant "Standard"]

1. d4 d5 2. Nf3 Nf6 3. c4 c6 4. Nc3 dxc4 5. a4 Bf5 6. Ne5 Nbd7 7. Nxc4 Nb6 8. e3 a5 9. Ne5 g6 10. Be2 Bg7 11. h4 Nfd7 12. g4 Nxe5 13. gxf5 Nec4 14. Bd3 Qd6 15. b3 Ne5 16. dxe5 Bxe5 17. Bb2 O-O-O 18. Ke2 Qb4 19. f4 Nc4 20. Bxc4 Rxd1 21. Nxd1 Bxb2 22. Nxb2 gxf5 23. Nd3 Qc3 24. Rac1 Qf6 25. Ne5 e6 26. Rcd1 Rg8 27. Kf2 Qe7 28. Rd7 Qa3 29. Rhd1 Qb2+ 30. R7d2 Qc3 31. Nxf7 Qf6 32. Ng5 Re8 33. Rd6 h6 34. Bxe6+ Kc7 35. Bf7 Qh8 36. Ne6+ Kb6 37. Bxe8 Qxe8 38. Nd4 Qh5 39. Nf3 Qf7 40. R1d3 Qg7 41. Ne5 h5 42. Rf6 Qe7 43. Rdd6 Kc5 44. Rd4 Kb6 45. Kf3 Ka6 46. Rdd6 Kb6 47. Nc4+ Kc7 48. Rde6 Qg7 49. Rxf5 Qg4+ 50. Ke4 Qxh4 51. Rf7+ Kb8 52. Ree7 Qh1+ 53. Kf5 Qd5+ 54. Kf6 1-0

[Event "2026 European Womens Championship"]
[Site "Batumi, GE"]
[Date "2026.05.29"]
[Round "5"]
[White "Mamedjarova, Zeinab"]
[Black "Arakhamia-Grant, Ketevan"]
[Result "0-1"]
[Board "92"]
[TimeControl "5400+30"]
[WhiteFideId "13401521"]
[BlackFideId "13600168"]
[WhiteElo "2137"]
[BlackElo "2306"]
[WhiteTitle "WGM"]
[BlackTitle "GM"]
[WhiteClock "0:31:14"]
[BlackClock "0:18:55"]
[Variant "Standard"]

1. d4 g6 2. Nf3 Bg7 3. Bf4 d6 4. e3 Nd7 5. Bc4 Nh6 6. c3 e5 7. dxe5 dxe5 8. Bg5 f6 9. Bxh6 Bxh6 10. Nbd2 Qe7 11. a4 e4 12. Nd4 Ne5 13. Qb3 f5 14. Be2 c5 15. Nb5 a6 16. Na3 Be6 17. Qc2 O-O 18. O-O Rad8 19. Ndc4 Nd3 20. a5 f4 21. exf4 Bxf4 22. Bxd3 exd3 23. Qd1 Bd5 24. Qg4 Qe4 25. f3 Qe6 26. Qxe6+ Bxe6 27. g3 Bh6 28. Rad1 Rf5 29. f4 Rfd5 30. Rd2 g5 31. Ne3 R5d7 32. Nac4 gxf4 33. gxf4 Rg7+ 34. Rg2 d2 35. Rxg7+ Kxg7 36. b3 Rd3 37. Nd1 Kf6 38. Ne5 Rd8 39. Nf3 Bxb3 40. h4 Bxd1 41. Rxd1 Bxf4 42. Kf2 Rd3 43. c4 Kf5 44. Ke2 Re3+ 45. Kf2 Rc3 0-1

[Event "2026 European Womens Championship"]
[Site "Batumi, GE"]
[Date "2026.05.29"]
[Round "5"]
[White "Ivanytska, Liudmyla"]
[Black "Jarocka, Liwia"]
[Result "0-1"]
[Board "93"]
[TimeControl "5400+30"]
[WhiteFideId "14176211"]
[BlackFideId "21807558"]
[WhiteElo "2112"]
[BlackElo "2288"]
[BlackTitle "FM"]
[WhiteClock "0:06:46"]
[BlackClock "0:10:16"]
[Variant "Standard"]

1. d4 Nf6 2. c4 e6 3. Nf3 d5 4. g3 Be7 5. Bg2 O-O 6. O-O dxc4 7. Qc2 a6 8. a4 Nbd7 9. Qxc4 b5 10. Qc6 Rb8 11. Bf4 Nd5 12. axb5 Nxf4 13. gxf4 Bb7 14. Qc2 axb5 15. Rd1 Qc8 16. Ra5 Ba8 17. Nc3 b4 18. Ne4 b3 19. Qd3 c5 20. Nfg5 c4 21. Qb1 g6 22. Ra7 Rb7 23. Ra1 Rb8 24. Ra7 Rb7 25. Ra1 Qc7 26. Qc1 Rbb8 27. Qe3 h6 28. Nf3 Bxe4 29. Qxe4 Nf6 30. Qe5 Qd8 31. Qe3 Nd5 32. Qc1 c3 33. Ne5 cxb2 34. Qxb2 Nxf4 35. Nc6 Ba3 36. Qb1 Qg5 37. Qe4 b2 38. Rab1 Rbc8 39. Ne7+ Bxe7 40. Rxb2 Nxg2 41. Qxg2 Rc1 42. Rb1 Rxd1+ 43. Rxd1 Rd8 44. Rd3 Qc1+ 45. Qf1 Qxf1+ 46. Kxf1 Bf6 47. e3 e5 48. d5 e4 49. Rd2 Be5 50. Kg2 Kf8 51. h4 Ke7 52. f3 f5 53. fxe4 fxe4 54. Rd1 h5 55. Rd2 Rd6 56. Rd1 Rb6 57. d6+ Rxd6 58. Rb1 Rd2+ 59. Kg1 Bb2 60. Rf1 Re2 0-1

[Event "2026 European Womens Championship"]
[Site "Batumi, GE"]
[Date "2026.05.29"]
[Round "5"]
[White "Liashkevich, Lizaveta"]
[Black "Peglau, Charis"]
[Result "1/2-1/2"]
[Board "94"]
[TimeControl "5400+30"]
[WhiteFideId "13518658"]
[BlackFideId "16219996"]
[WhiteElo "2079"]
[BlackElo "2238"]
[WhiteTitle "WFM"]
[BlackTitle "WFM"]
[WhiteClock "0:04:37"]
[BlackClock "0:10:25"]
[Variant "Standard"]

1. d4 d5 2. c4 e6 3. Nc3 Nf6 4. Nf3 dxc4 5. e3 a6 6. Bxc4 b5 7. Be2 Bb7 8. O-O Nbd7 9. a3 Bd6 10. Qc2 c5 11. dxc5 Nxc5 12. b4 Nce4 13. Nxe4 Bxe4 14. Qb3 Rc8 15. Bb2 O-O 16. Rac1 Qe7 17. Be5 Ng4 18. Bg3 Bxg3 19. hxg3 Qf6 20. Rc5 Bd5 21. Qc2 Rxc5 22. Qxc5 Qb2 23. Nd4 Nf6 24. Qc1 Qa2 25. Bf3 Ne4 26. Bxe4 Bxe4 27. f3 Bb7 28. Rf2 Qd5 29. Rc2 Qd6 30. Rc7 Bd5 31. Qc5 Qxg3 32. Rc8 Qe1+ 33. Kh2 Qh4+ 34. Kg1 Qe1+ 1/2-1/2

[Event "2026 European Womens Championship"]
[Site "Batumi, GE"]
[Date "2026.05.29"]
[Round "5"]
[White "Purtseladze, Maka"]
[Black "Ivekovic, Tihana"]
[Result "1/2-1/2"]
[Board "95"]
[TimeControl "5400+30"]
[WhiteFideId "13602659"]
[BlackFideId "14517825"]
[WhiteElo "2237"]
[BlackElo "2119"]
[WhiteTitle "IM"]
[BlackTitle "WFM"]
[WhiteClock "0:02:44"]
[BlackClock "0:01:34"]
[Variant "Standard"]

1. d4 Nf6 2. Nf3 d5 3. c4 e6 4. Nc3 c5 5. cxd5 cxd4 6. Qxd4 exd5 7. Bg5 Be7 8. e3 O-O 9. Be2 Nc6 10. Qd3 Qb6 11. Qb5 Qxb5 12. Bxb5 Be6 13. O-O h6 14. Bh4 g5 15. Bg3 Ne4 16. Nxe4 dxe4 17. Bxc6 bxc6 18. Nd4 Bd7 19. Rac1 c5 20. Nb3 Bb5 21. Rfe1 Rac8 22. Nd2 f5 23. Be5 Kf7 24. b3 Ke6 25. Bc3 Rfd8 26. Nc4 Rd3 27. Nb2 Rd7 28. h3 h5 29. Red1 Rcd8 30. Rxd7 Rxd7 31. f3 exf3 32. gxf3 g4 33. hxg4 hxg4 34. fxg4 fxg4 35. e4 Bg5 36. Rc2 Bf4 37. Be1 Bc6 38. Re2 Bb5 39. Rc2 Bc6 40. Re2 Bb5 1/2-1/2

[Event "2026 European Womens Championship"]
[Site "Batumi, GE"]
[Date "2026.05.29"]
[Round "5"]
[White "Skarbarchuk, Tetyana"]
[Black "Shuqja, Klean"]
[Result "1-0"]
[Board "96"]
[TimeControl "5400+30"]
[WhiteFideId "14184494"]
[BlackFideId "4701585"]
[WhiteElo "2236"]
[BlackElo "2092"]
[BlackTitle "WFM"]
[WhiteClock "0:26:09"]
[BlackClock "0:00:33"]
[Variant "Standard"]

1. d4 Nf6 2. c4 e6 3. Nc3 d5 4. cxd5 exd5 5. Bg5 Be7 6. e3 c6 7. Bd3 h6 8. Bh4 Ne4 9. Bxe7 Nxc3 10. bxc3 Qxe7 11. Ne2 Nd7 12. O-O O-O 13. Qc2 Nf6 14. Rfe1 b6 15. Ng3 Qc7 16. f3 c5 17. Qf2 Rd8 18. Rad1 Be6 19. h3 cxd4 20. cxd4 Qc3 21. Bb1 b5 22. e4 dxe4 23. fxe4 b4 24. Rd3 Qc7 25. d5 Bc8 26. d6 Qb6 27. Qxb6 axb6 28. Rd4 Ra3 29. Kh2 b3 30. axb3 Rxb3 31. e5 Nd7 32. e6 fxe6 33. Ba2 Rb2 34. Bxe6+ Kf8 35. Nh5 Nf6 36. Nxf6 Bxe6 37. Rxe6 Kf7 38. Re7+ Kxf6 39. Rf4+ Kg5 40. Rf3 Kg6 41. d7 Rd2 42. Rg3+ Kf5 43. Rgxg7 b5 44. h4 b4 45. h5 b3 46. Kh3 Rd5 47. Rgf7+ Kg5 48. Re8 b2 49. Rxd8 Rd3+ 50. Kh2 b1=Q 1-0

[Event "2026 European Womens Championship"]
[Site "Batumi, GE"]
[Date "2026.05.29"]
[Round "5"]
[White "Kubicka, Anna"]
[Black "Tashkinova, Sofiia"]
[Result "0-1"]
[Board "97"]
[TimeControl "5400+30"]
[WhiteFideId "1152254"]
[BlackFideId "14188309"]
[WhiteElo "2226"]
[BlackElo "2085"]
[WhiteTitle "WIM"]
[BlackTitle "WFM"]
[WhiteClock "0:00:51"]
[BlackClock "0:13:01"]
[Variant "Standard"]

1. e4 c5 2. Nf3 Nc6 3. Bb5 g6 4. Bxc6 dxc6 5. d3 Bg7 6. O-O Qc7 7. a4 a5 8. h3 h6 9. Nc3 g5 10. d4 g4 11. hxg4 Bxg4 12. dxc5 h5 13. Ra3 Rd8 14. Qe2 Nh6 15. Nd1 f5 16. Rd3 Nf7 17. Rxd8+ Qxd8 18. Bf4 e5 19. exf5 Bxf3 20. gxf3 Qh4 21. Bg3 Qh3 22. f4 h4 23. Bh2 Bh6 24. f3 Bxf4 25. Rf2 Rg8+ 26. Kh1 Nh6 27. Ne3 Nxf5 28. Nxf5 Qxf5 29. Bxf4 Qxf4 30. Rg2 Rxg2 31. Qxg2 Qc1+ 32. Kh2 Qxb2 33. Qg6+ Ke7 34. Qg7+ Ke6 35. Qg8+ Kf6 36. Qh8+ Kf5 37. Qh7+ Kg5 38. Qg7+ Kf4 39. Qg4+ Ke3 40. Qe4+ Kf2 41. Kh3 Qb4 42. c4 Qxc5 43. Qc2+ Ke3 44. Qe4+ Kd2 45. Kxh4 Qe3 46. Qf5 Kc3 47. Kg4 Kxc4 48. Qf7+ Kc3 49. Qxb7 Qf4+ 50. Kh3 Qxf3 51. Kh2 Qf4+ 52. Kh3 Qxa4 53. Qb6 Qb5 54. Qf2 Qd3 55. Kh2 Qd2 56. Kh1 Qd5+ 57. Kh2 a4 58. Qa7 Qd4 59. Qa5+ Kb2 60. Qc7 c5 61. Qb7+ Ka2 62. Qf7+ c4 63. Kh1 a3 64. Qf2+ Kb3 65. Qf3+ Qc3 66. Qb7+ Ka2 67. Qg2+ Kb1 68. Qe4+ Qd3 69. Qe1+ Kc2 70. Qf2+ Kc1 71. Qa7 e4 72. Qa6 e3 73. Kg1 a2 74. Kg2 Qc3 75. Kh1 a1=Q 76. Qe6 Qa8 77. Kh2 Qd2+ 78. Kg3 Qaa2 79. Qe4 e2 80. Kf3 e1=N+ 81. Kg3 Qd3+ 0-1

[Event "2026 European Womens Championship"]
[Site "Batumi, GE"]
[Date "2026.05.29"]
[Round "5"]
[White "Kochavi, Dana"]
[Black "Venskaya, Nika"]
[Result "0-1"]
[Board "98"]
[TimeControl "5400+30"]
[WhiteFideId "2837137"]
[BlackFideId "13523503"]
[WhiteElo "2209"]
[BlackElo "1937"]
[WhiteTitle "FM"]
[BlackTitle "WCM"]
[WhiteClock "0:50:31"]
[BlackClock "0:02:00"]
[Variant "Standard"]

1. e4 c5 2. Nf3 d6 3. d4 cxd4 4. Nxd4 Nf6 5. Nc3 g6 6. f3 Bg7 7. Be3 O-O 8. Qd2 Nc6 9. O-O-O d5 10. Nxc6 bxc6 11. Bh6 Bxh6 12. Qxh6 e5 13. Qg5 Qd6 14. h4 d4 15. h5 Ne8 16. Qh6 gxh5 17. Qxh5 Qg6 18. Na4 Qxh5 19. Rxh5 f6 20. Bc4+ Kg7 21. Rdh1 Rh8 22. Rh6 Rb8 23. g4 Rb4 24. Bb3 Rb5 25. a3 c5 26. Bd5 Bd7 27. b3 Nc7 28. Bc4 Ra5 29. Nb2 Rxa3 30. Kb1 Bb5 31. R6h5 Be8 32. Rh6 Bb5 33. Bf7 Be2 34. Bc4 Bxf3 35. R1h2 Bxe4 36. Na4 Rb8 37. Nxc5 Bg6 38. Bd3 Bxd3 39. cxd3 Rh8 40. g5 fxg5 41. Rc6 Nd5 42. Ne6+ Kf7 43. Nxg5+ Ke7 44. Kb2 Ra2+ 45. Kxa2 Nb4+ 46. Ka3 Nxc6 47. Rh6 Nd8 48. Ne4 Nf7 49. Ra6 Ra8 50. Nf6 h6 51. Nd5+ Kf8 52. Nc7 Rc8 53. Rxa7 h5 54. b4 h4 55. b5 Rb8 56. Kb4 h3 57. Ra2 Ke7 58. Kc5 Ng5 59. Nd5+ Ke6 60. Ra6+ Kf5 61. Rh6 Kg4 62. b6 Kg3 63. Nf6 h2 64. Ng4 Kxg4 65. Rxh2 Ne6+ 66. Kc6 Nf4 67. Kc7 Re8 68. Kd7 Rf8 69. Rd2 Kf3 70. Kd6 Ke3 71. Ra2 Nxd3 72. b7 Rb8 73. Kc7 Rxb7+ 74. Kxb7 Nb4 75. Rb2 Nd3 76. Ra2 e4 77. Kb6 Nf4 78. Kc5 d3 79. Ra1 d2 80. Kc4 Nd3 0-1

[Event "2026 European Womens Championship"]
[Site "Batumi, GE"]
[Date "2026.05.29"]
[Round "5"]
[White "Buyuk, Ecrin Efsa"]
[Black "Siekanska, Maria"]
[Result "0-1"]
[Board "99"]
[TimeControl "5400+30"]
[WhiteFideId "44505175"]
[BlackFideId "21852650"]
[WhiteElo "2076"]
[BlackElo "2203"]
[WhiteTitle "WFM"]
[BlackTitle "WIM"]
[WhiteClock "0:01:22"]
[BlackClock "0:15:23"]
[Variant "Standard"]

1. e4 c5 2. d3 Nc6 3. g3 g6 4. Bg2 Bg7 5. Nd2 d6 6. f4 e6 7. Nh3 Nge7 8. a4 a6 9. c3 Rb8 10. Nf3 b5 11. axb5 axb5 12. O-O b4 13. Bd2 O-O 14. Nf2 Qb6 15. g4 f5 16. gxf5 exf5 17. Qb3+ Kh8 18. Ng5 bxc3 19. Nf7+ Rxf7 20. Qxf7 cxd2 21. e5 d5 22. Qe8+ Ng8 23. Nh3 Ba6 24. Ng5 Bh6 25. Nf7+ Kg7 26. Qd7 Bc8 27. Qe8 Ba6 28. Qd7 Nge7 29. Bxd5 Bc8 30. Qd6 Nxd5 31. Nxh6 Nce7 32. Nf7 Kxf7 33. e6+ Bxe6 34. Qe5 c4+ 35. d4 Nc6 36. Qd6 Rd8 37. Qa3 Qxd4+ 38. Kh1 Ne3 0-1

[Event "2026 European Womens Championship"]
[Site "Batumi, GE"]
[Date "2026.05.29"]
[Round "5"]
[White "Radikovic, Anamarija"]
[Black "Rodriguez Redondo, Adhara"]
[Result "1-0"]
[Board "100"]
[TimeControl "5400+30"]
[WhiteFideId "14546264"]
[BlackFideId "32065698"]
[WhiteElo "1974"]
[BlackElo "2200"]
[WhiteTitle "WFM"]
[BlackTitle "WFM"]
[WhiteClock "0:12:55"]
[BlackClock "0:08:17"]
[Variant "Standard"]

1. e4 e5 2. Nf3 Nc6 3. Bb5 a6 4. Ba4 d6 5. c3 Bd7 6. d4 g6 7. Bg5 f6 8. Be3 Bg7 9. a3 Nh6 10. Bb3 Qe7 11. d5 Nd8 12. Qc1 Ndf7 13. c4 b6 14. Nc3 O-O 15. h4 Ng4 16. Bd2 h5 17. O-O Bh6 18. Ba4 Bc8 19. b4 Kg7 20. Bc6 Rb8 21. a4 Bxd2 22. Qxd2 Ngh6 23. Rfb1 g5 24. a5 g4 25. Ne1 f5 26. g3 f4 27. b5 bxa5 28. Rxa5 axb5 29. Rbxb5 Rxb5 30. Nxb5 Nh8 31. Ra7 Kg8 32. Rxc7 Qf6 33. gxf4 exf4 34. Qd4 Qg6 35. Nxd6 g3 36. f3 Bh3 37. Ne8 Rf7 38. Rxf7 N8xf7 39. Qf6 Qxf6 40. Nxf6+ Kf8 41. Nxh5 Ne5 42. Nxf4 Bc8 43. Bb5 Ke7 44. c5 Nhf7 45. Kg2 Bd7 46. Bxd7 Nxd7 47. Ned3 Kf6 48. Kxg3 Nfe5 49. c6 1-0

[Event "2026 European Womens Championship"]
[Site "Batumi, GE"]
[Date "2026.05.29"]
[Round "5"]
[White "Kalandadze, Mariam"]
[Black "Urh, Zala"]
[Result "0-1"]
[Board "101"]
[TimeControl "5400+30"]
[WhiteFideId "13621122"]
[BlackFideId "14611481"]
[WhiteElo "1892"]
[BlackElo "2263"]
[BlackTitle "WIM"]
[WhiteClock "0:00:58"]
[BlackClock "0:02:26"]
[Variant "Standard"]

1. d4 Nf6 2. Nf3 d5 3. e3 g6 4. b3 Bg7 5. Bb2 O-O 6. Bd3 c5 7. O-O cxd4 8. exd4 Nc6 9. a3 Qc7 10. h3 Nh5 11. Nc3 Nf4 12. Ne2 Nxd3 13. Qxd3 Bf5 14. Qd2 Rac8 15. Rac1 Rfd8 16. Rfe1 Be4 17. Qe3 Bxf3 18. Qxf3 e6 19. Bc3 Ne7 20. Bd2 Nf5 21. c3 Qb6 22. Rb1 Nd6 23. Ng3 Rc6 24. a4 Rdc8 25. h4 h5 26. Qf4 Qd8 27. Kh2 Qf6 28. Qxf6 Bxf6 29. Kh3 Bd8 30. f3 Ba5 31. Ne2 Nf5 32. g4 hxg4+ 33. Kxg4 Ng7 34. Rh1 Nh5 35. b4 Bc7 36. f4 Nf6+ 37. Kf3 Ne4 38. Be1 Kg7 39. Ke3 Rh8 40. Kd3 Bd8 41. Rc1 Nd6 42. Ng1 Nc4 43. Rc2 Ra6 44. a5 b6 45. axb6 axb6 46. Nf3 Be7 47. Rch2 Ra3 48. Ke2 Rh5 49. Ne5 Nd6 50. Kd3 Nb5 51. Kc2 Rh8 52. Rh3 Ra1 53. Bg3 Rxh1 54. Rxh1 Rc8 55. Be1 Bxb4 56. Rh3 Ba5 57. Rd3 Nd6 58. Ng4 Nf5 59. Kd1 Rh8 60. Rh3 b5 61. Ne3 Nxe3+ 62. Rxe3 Bd8 63. Rh3 Rh5 64. Ke2 Kf6 65. Kf3 Kf5 66. Bg3 Be7 67. Be1 Rh8 68. Rh2 Bd6 69. Rb2 Rb8 70. Bd2 Be7 71. Be1 Rb7 72. Rb3 Bd8 73. Ra3 Bc7 74. Bd2 Kf6 75. Kg4 Bd6 76. Rb3 Kg7 77. Rb1 Be7 78. Rb2 Kf8 79. Ra2 Bf6 80. h5 gxh5+ 81. Kxh5 b4 82. cxb4 Bxd4 83. Ra5 Ke7 84. f5 Kf6 85. fxe6 fxe6 86. Kg4 Ke5 87. Ra6 Bb6 88. Kf3 d4 89. Ra8 Rf7+ 90. Ke2 Ke4 91. Rh8 e5 92. Rh6 d3+ 93. Ke1 Bf2+ 94. Kd1 Bd4 95. Rh4+ Kd5 96. Rh3 Rf1+ 97. Be1 Kc4 98. Rh4 Kb3 99. Kd2 Bc3+ 100. Kxd3 Rxe1 101. b5 Rd1 102. Ke2 Rd6 103. Ke3 Rb6 104. Ke2 Rxb5 105. Kd3 Rd5 106. Ke3 Rd4 107. Rh2 Rg4 108. Re2 Kc4 109. Rc2 Rh4 110. Kf3 Kd3 0-1

[Event "2026 European Womens Championship"]
[Site "Batumi, GE"]
[Date "2026.05.29"]
[Round "5"]
[White "Tsolakidou, Stavroula"]
[Black "Krkyasharyan, Sona"]
[Result "1-0"]
[Board "102"]
[TimeControl "5400+30"]
[WhiteFideId "4264312"]
[BlackFideId "13316729"]
[WhiteElo "2455"]
[BlackElo "2063"]
[WhiteTitle "IM"]
[BlackTitle "WFM"]
[WhiteClock "0:28:32"]
[BlackClock "0:22:05"]
[Variant "Standard"]

1. e4 c5 2. Nf3 d6 3. Bb5+ Nd7 4. O-O a6 5. Be2 Ngf6 6. d3 e6 7. a4 b6 8. Nfd2 Nb8 9. f4 Nc6 10. Qe1 Be7 11. Nc3 Bb7 12. Bd1 Rb8 13. Nf3 O-O 14. Qg3 Ba8 15. Qh3 b5 16. axb5 axb5 17. g4 b4 18. Ne2 Nd7 19. g5 d5 20. exd5 exd5 21. f5 Nce5 22. Nxe5 Nxe5 23. Bf4 Bd6 24. Ng3 Re8 25. Ra6 Rb6 26. Ra7 Bb7 27. f6 Qb8 28. Rxb7 Qxb7 29. fxg7 Ng6 30. Bxd6 Rxd6 31. Nh5 Re5 32. Nf6+ Rxf6 33. gxf6 Rg5+ 34. Kh1 Ne5 35. d4 cxd4 36. Qh4 Rg6 37. Re1 Qa6 38. Qf4 Rxf6 39. Qxe5 Rf1+ 40. Kg2 Rxe1 41. Qxe1 Qg6+ 42. Qg3 Qe4+ 43. Kf2 Qh1 44. Bh5 1-0

[Event "2026 European Womens Championship"]
[Site "Batumi, GE"]
[Date "2026.05.29"]
[Round "5"]
[White "Aghaverdiyeva, Maryam"]
[Black "Radeva, Viktoria"]
[Result "0-1"]
[Board "103"]
[TimeControl "5400+30"]
[WhiteFideId "13452509"]
[BlackFideId "2915405"]
[WhiteElo "2103"]
[BlackElo "2242"]
[WhiteTitle "WFM"]
[BlackTitle "WGM"]
[WhiteClock "0:01:16"]
[BlackClock "0:02:29"]
[Variant "Standard"]

1. e4 c5 2. Nf3 Nc6 3. d4 cxd4 4. Nxd4 e5 5. Nb5 d6 6. c4 Be6 7. N1c3 a6 8. Na3 g6 9. Be2 Bg7 10. Be3 Rc8 11. O-O Nf6 12. Qd2 O-O 13. f3 Nd4 14. Rfd1 Nh5 15. Bf1 f5 16. exf5 Nxf5 17. Bf2 Nf4 18. Kh1 Nd4 19. Rac1 Kh8 20. b3 Bf5 21. Ne2 Ndxe2 22. Bxe2 Nxe2 23. Qxe2 Qa5 24. Qb2 Rfd8 25. Rd5 Qc7 26. Rcd1 Be6 27. R5d2 Qc6 28. Nc2 b5 29. Nb4 Qb7 30. cxb5 Qxb5 31. Nd5 Qb7 32. h3 Qf7 33. Bh4 Re8 34. Qa3 Rc5 35. Ne3 Bh6 36. Bf2 Rc3 37. Qxd6 Bxe3 38. Qxe5+ Qg7 39. Qxg7+ Kxg7 40. Bxe3 Rxe3 41. Rd6 Bc8 42. R1d2 Rc3 43. h4 Re6 44. R6d5 h5 45. Kh2 Rec6 46. Kg3 Be6 47. Rd8 Kf7 48. Kf4 Rc1 49. R8d4 R6c5 50. Kg3 Ra5 51. Re2 Bf5 52. Rd6 Rc2 53. Rd7+ Bxd7 54. Rxc2 Bf5 55. Rd2 Ke6 56. Kf4 Bb1 57. a4 Rc5 58. Rd4 Bc2 59. Rb4 Kd5 60. Rb6 Rc6 61. Rb8 Kd4 62. a5 Rc5 63. b4 Rf5 64. Kg3 Bd3 65. Rb6 Kc3 66. Rd6 Rf7 67. Kf2 Rb7 68. Ke3 Re7 69. Kf4 Re2 70. g4 hxg4 71. fxg4 Re4+ 72. Kg5 Rxb4 73. Rd5 Kc4 74. Re5 Rb5 75. Rxb5 Kxb5 0-1

[Event "2026 European Womens Championship"]
[Site "Batumi, GE"]
[Date "2026.05.29"]
[Round "5"]
[White "Deak-Sala, Emilia"]
[Black "Tsetskhladze, Mariam"]
[Result "1-0"]
[Board "104"]
[TimeControl "5400+30"]
[WhiteFideId "795615"]
[BlackFideId "13623834"]
[WhiteElo "2086"]
[BlackElo "2234"]
[WhiteTitle "WFM"]
[BlackTitle "WFM"]
[WhiteClock "0:14:19"]
[BlackClock "0:00:34"]
[Variant "Standard"]

1. e4 c5 2. Nf3 Nc6 3. Bb5 g6 4. c3 Nf6 5. e5 Nd5 6. O-O Nc7 7. Ba4 Bg7 8. d4 cxd4 9. cxd4 O-O 10. Qe2 d6 11. Rd1 Bd7 12. Nc3 Qc8 13. h3 dxe5 14. dxe5 a6 15. a3 b5 16. Bc2 Bf5 17. Be4 Bxe4 18. Qxe4 Qe6 19. Bf4 Rfd8 20. Rac1 Na5 21. Nd4 Qb6 22. b4 Nc4 23. Nc6 Re8 24. Rd7 Bf8 25. a4 f5 26. exf6 exf6 27. Qf3 Ne6 28. Nd5 Nd4 29. Nxf6+ 1-0

[Event "2026 European Womens Championship"]
[Site "Batumi, GE"]
[Date "2026.05.29"]
[Round "5"]
[White "Tsirulnik, Maritsa"]
[Black "Bashylina, Luisa"]
[Result "1/2-1/2"]
[Board "105"]
[TimeControl "5400+30"]
[WhiteFideId "14118688"]
[BlackFideId "12983292"]
[WhiteElo "2028"]
[BlackElo "2208"]
[WhiteTitle "WFM"]
[BlackTitle "WFM"]
[WhiteClock "0:00:36"]
[BlackClock "0:22:28"]
[Variant "Standard"]

1. c4 e5 2. d3 Bb4+ 3. Nd2 c5 4. Ngf3 Nc6 5. g3 Nge7 6. Bg2 O-O 7. O-O d6 8. Nb3 Na5 9. Nbd2 Bxd2 10. Bxd2 Nac6 11. Bc3 h6 12. a3 a5 13. b3 Be6 14. e3 Ng6 15. d4 cxd4 16. exd4 Bg4 17. h3 exd4 18. Bxd4 Be6 19. Bb2 Nge5 20. Nd4 Nxd4 21. Qxd4 f6 22. Rad1 Qc8 23. g4 Rd8 24. f4 Nc6 25. Qc3 Qc7 26. Rfe1 Bf7 27. h4 Qb6+ 28. Kf1 a4 29. b4 Rac8 30. Bf3 Qc7 31. g5 hxg5 32. hxg5 Na7 33. gxf6 Bxc4+ 34. Kg2 Nb5 35. Qd2 Qf7 36. fxg7 d5 37. Re5 d4 38. Kf2 Bb3 39. Rc1 Nc3 40. Rh1 Nb1 41. Rg5 Qe6 42. Rh8+ Kf7 43. g8=Q+ Rxg8 44. Rh7+ Kf8 45. Qxd4 Rc2+ 46. Kg3 Rxg5+ 47. fxg5 Qe1+ 48. Kf4 Rc4 49. Rh8+ Ke7 50. Rh7+ Kf8 51. Rh8+ Ke7 52. Rh7+ 1/2-1/2